 Dungeon Crawl Stone Soup version 0.16.1-51-g6203257 (webtiles) character file.

441 uhvn the Ducker (level 7, -5/37 HPs)
             Began as a Vine Stalker Monk on July 9, 2015.
             Slain by Sigmund
             ... wielding a +2 scythe of flaming
              (7 damage)
             ... on level 3 of the Dungeon.
             The game lasted 00:14:14 (2583 turns).

uhvn the Ducker (Vine Stalker Monk)                 Turns: 2583, Time: 00:14:15

Health: -5/37      AC:  6    Str: 13    XL:     7   Next: 2%
Magic:  0/27       EV: 15    Int: 10    God:
Gold:   134        SH:  0    Dex: 19    Spells: 0 memorised, 6 levels left

rFire  . . .     SeeInvis .     u - +0 short sword (venom)
rCold  . . .     Clarity  .     a - +0 robe
rNeg   . . .     SustAb   .     (no shield)
rPois  .         Gourm    .     x - +0 hat
rElec  .         Spirit   +     (no cloak)
rCorr  .         Warding  .     j - +2 pair of gloves
rMut   .         Stasis   .     n - +0 pair of boots
MR     .....                    (no amulet)
Stlth  +++.......               y - ring of magical power
                                e - ring of magical power

@: not resistant to hostile enchantments, fairly stealthy
A: fangs 2, regeneration 2, magic shield, antimagic bite, no device heal 3, rot
immunity
a: no special abilities


You were on level 3 of the Dungeon.
You were not hungry.

You visited 1 branch of the dungeon, and saw 3 of its levels.

You collected 134 gold pieces.

Inventory:

Hand weapons
 g - a +0 dagger
 u - a +0 short sword of venom (weapon)
Armour
 a - a +0 robe (worn)
 j - a +2 pair of gloves (worn)
 n - a +0 pair of boots (worn)
 w - a +0 pair of boots
 x - a +0 hat (worn)
Jewellery
 e - a ring of magical power (left hand)
 r - an uncursed ring of positive energy {unknown}
 y - a ring of magical power (right hand)
Scrolls
 d - 6 scrolls of remove curse {unknown}
 h - 3 scrolls of teleportation {unknown}
 m - 2 scrolls of identify {unknown}
 q - a scroll of magic mapping {unknown}
 t - a scroll of enchant weapon {unknown}
 v - a scroll of immolation {unknown}
Potions
 c - a potion of ambrosia {unknown}
 f - 3 potions of cure mutation {unknown}
 k - a potion of might {unknown}
 l - a potion of heal wounds {unknown}
 o - 2 potions of curing {unknown}
 p - a potion of restore abilities {unknown}
 s - 2 potions of haste {unknown}
Comestibles
 b - 3 bread rations
 i - 3 meat rations
 z - 3 chunks of flesh


   Skills:
 + Level 4.0 Fighting
 * Level 2.5 Short Blades
 + Level 4.8 Dodging
 - Level 3.1 Stealth
 - Level 4.0 Unarmed Combat


You had 6 spell levels left.
You didn't know any spells.

Dungeon Overview and Level Annotations

Branches:
Dungeon (3/15)

Altars:
Yredelemnul
Zin

Shops:
D:3 *

Annotations:
D:3 Sigmund


Innate Abilities, Weirdness & Mutations

You have extremely sharp teeth.
You heal very quickly.
When hurt, damage is shared between your health and your magic reserves.
Your bite disrupts and absorbs the magic of your enemies.
Potions and wands cannot restore your health.
You are immune to rotting.


Message History

You're too confused to move!
The gnoll barely misses you. The gnoll barely misses you.
You closely miss the gnoll. You bite the gnoll, but do no damage.
Something hits you.
* * * LOW HITPOINT WARNING * * *
Something burns you.
* * * LOW HITPOINT WARNING * * *
The gnoll closely misses you.
You bump into the rock wall.
The gnoll barely misses you. Something hits you but does no damage.
You hit the gnoll but do no damage.
The gnoll is poisoned.
The gnoll is moderately wounded.
You feel less confused. The gnoll hits you with a club.
* * * LOW HITPOINT WARNING * * *
The gnoll misses you.
You closely miss the gnoll. You bite the gnoll, but do no damage.
The gnoll is moderately wounded.
Something hits you!
You die...

.#.....<#.###.# .##....#..# #.#
...#...#.####.# .#.#.#.....##.#
...#...###..#)# ...#.#.# ##...#
.....#.# ##..#### .....#.#
#...).# ..<..#.# ##.##@##
.......#####..##gg#######
.............####.......#########
.................................
≈≈≈≈≈≈≈≈≈≈≈≈≈≈≈≈≈....≈≈≈≈≈≈≈≈≈≈≈≈
≈≈≈≈≈≈≈≈≈≈≈≈≈≈≈≈≈)...≈≈≈≈≈≈≈≈≈≈≈≈
#####≈≈≈≈≈≈≈≈≈≈≈≈....≈≈≈≈≈≈≈≈≈≈≈≈
#.g.#........).........†.........
#...#############''''############


You could see 2 gnolls.

Vanquished Creatures
  An ogre (D:3)
  The ghost of marathon56 the Stinger, an average DEVM (D:3)
  An orc wizard (D:3)
  Terence (D:3)
  14 gnolls (D:3)
  4 adders
  A giant mite (D:3)
  2 worms (D:2)
  3 giant geckos (D:3)
  An ooze (D:2)
  2 orcs (D:3)
  2 ball pythons
  9 hobgoblins
  15 jackals (D:3)
  8 bats
  A giant cockroach (D:1)
  5 goblins
  7 kobolds
  9 rats
87 creatures vanquished.

Notes
Turn   | Place    | Note
--------------------------------------------------------------
     0 | D:1      | uhvn, the Vine Stalker Monk, began the quest for the Orb.
     0 | D:1      | Reached XP level 1. HP: 11/11 MP: 1/1
   101 | D:1      | Reached XP level 2. HP: 16/16 MP: 3/3
   616 | D:2      | Reached XP level 3. HP: 12/20 MP: 4/4
  1082 | D:2      | Found a basalt altar of Yredelemnul.
  1110 | D:2      | Reached XP level 4. HP: 24/24 MP: 5/5
  1256 | D:2      | Reached skill level 1 in Short Blades
  1486 | D:3      | Noticed Terence
  1521 | D:3      | Noticed marathon56's ghost (average DEVM)
  1560 | D:3      | Killed marathon56's ghost
  1560 | D:3      | Reached XP level 5. HP: 11/28 MP: 7/7
  1808 | D:3      | Found Zin's Purification Station.
  1812 | D:3      | Found a glowing silver altar of Zin.
  2024 | D:3      | Killed Terence
  2024 | D:3      | Gained mutation: You heal very quickly. [vine stalker growth]
  2024 | D:3      | Reached XP level 6. HP: 33/33 MP: 8/8
  2105 | D:3      | Noticed Sigmund
  2445 | D:3      | Noticed an ogre
  2479 | D:3      | Killed an ogre
  2567 | D:3      | Reached XP level 7. HP: 35/37 MP: 9/9
  2583 | D:3      | Slain by Sigmund

Action                   |  1- 3 |  4- 6 |  7- 9 || total
-------------------------+-------+-------+-------++-------
Melee: Unarmed           |    17 |       |       ||    17
       Dagger            |   120 |   114 |       ||   234
       Short sword       |       |   131 |     6 ||   137
 Stab: Sleeping          |     7 |     2 |       ||     9
  Eat: Chunk             |       |     6 |       ||     6
